 Dungeon Sprint DCSS version 0.27-a0-1188-g73eefd5def (webtiles) character file.

Game seed: 7672842186264264522

14293 Sopht the Severer (level 11, -9/114 HPs)
             Began as a Minotaur Berserker on May 21, 2021.
             Was the Champion of Trog.
             Killed from afar by a fire giant (67 damage)
             ... with a bolt of fire
             ... in the Dungeon (Sprint V: "Ziggurat Sprint").
             The game lasted 00:21:50 (677 turns).

Sopht the Severer (Minotaur Berserker)               Turns: 677, Time: 00:21:50

Health: -9/114     AC: 40    Str: 26    XL:     11   Next: 86%
Magic:  1/1        EV: 13    Int:  4    God:    Trog [******]
Gold:   0          SH: 24    Dex: 17    Spells: 10/10 levels left

rFire    . . .     SeeInvis +   b - +14 obsidian axe {vorpal, Drain Fly SInv}
rCold    . . .     Faith    .   i - +3 tower shield
rNeg     + + +     Spirit   .   u - +15 Maxwell's patent armour {-Cast -Tele rElec Will+ rCorr}
rPois    +         Reflect  .   (helmet restricted)
rElec    +         Harm     .   x - +1 cloak of Starlight {*Dazzle EV+4 Stlth--}
rCorr    +         Rampage  .   w - +2 pair of gloves {Dex+3}
Will     +++..     NoTele   +   (no boots) Stlth ..........NoCast +
                                (no amulet)
HPRegen  1.29/turn              p - ring "Dowo" {rPois rN+++ MP-9 AC+4 Dex+5}
MPRegen  0.07/turn              B - ring of Shadows {Umbra +Inv Stlth+}

@: strong-willed, flying, mesmerised, regenerating, wreathed by umbra
A: horns 2, retaliatory headbutt
a: Renounce Religion, Evoke Invisibility, Berserk, Trog's Hand, Brothers in Arms


You were in the Dungeon.
You worshipped Trog.
Trog was exalted by your worship.
You visited 1 branch

Inventory:

Hand Weapons
 b - the +14 obsidian axe (weapon) {vorpal, Drain Fly SInv}
   (You found it in the Dungeon)

   It inflicts extra damage upon your enemies.
   It lets you see invisible.
   It grants you flight.
   It drains your maximum health when unequipped.
Armour
 i - a +3 tower shield (worn)
 j - a +1 cloak of stealth
 u - the +15 Maxwell's patent armour (worn) {-Cast -Tele rElec Will+ rCorr}
   (You found it in the Dungeon)

   It insulates you from electricity.
   It prevents spellcasting.
   It prevents most forms of teleportation.
   It protects you from acid and corrosion.
   It increases your willpower.
 w - a +2 pair of gloves of dexterity (worn)
 x - the +1 cloak of Starlight (worn) {*Dazzle EV+4 Stlth--}
   (You found it in the Dungeon)

   It affects your evasion (+4).
   It makes you much less stealthy.
Jewellery
 k - a +6 ring of dexterity
 l - a +6 ring of dexterity
 m - a +6 ring of strength
 o - a +6 ring of strength
 p - the ring "Dowo" (left hand) {rPois rN+++ MP-9 AC+4 Dex+5}
   (You found it in the Dungeon)

   [ring of protection]

   It affects your AC (+4).
   It affects your dexterity (+5).
   It protects you from poison.
   It renders you almost immune to negative energy.
   It affects your magic capacity (-9).
 B - the ring of Shadows (right hand) {Umbra +Inv Stlth+}
   (You found it in the Dungeon)

   [ring of stealth]

   It lets you turn invisible.
   It makes you more stealthy.
Wands
 q - a wand of mindburst (7)
 r - a wand of iceblast (7)
 s - a wand of acid (7)
Scrolls
 h - a scroll of blinking
 n - 4 scrolls of brand weapon
 z - 4 scrolls of enchant weapon
 A - a scroll of acquirement
Potions
 c - a potion of curing
 d - 5 potions of heal wounds
 e - 4 potions of haste
 f - 2 potions of magic
 g - a potion of berserk rage
Miscellaneous
 a - a piece from Xom's chessboard (15/15)
 t - a lightning rod (inert) (quivered)
 v - a condenser vane
 D - a box of beasts


   Skills:
 + Level 15.7 Fighting
 + Level 18.2(19.2) Axes
 + Level 11.4(16.0) Polearms
 + Level 12.5 Armour
 + Level 7.9 Dodging
 + Level 0.7 Stealth
 + Level 14.9 Shields
 + Level 8.0 Evocations


You had 10 spell levels left.
You didn't know any spells.
Your spell library contained the following spells:

 Spells                   Type           Power      Damage    Failure   Level
 Shock                    Conj/Air       0%         1d3       100%        1
 Searing Ray              Conj           0%         3d3       100%        2
 Dazzling Flash           Conj/Hex       0%         N/A       100%        3
 Iron Shot                Conj/Erth      0%         9d1       100%        6
 Spellforged Servitor     Conj/Summ      0%         N/A       100%        7


Dungeon Overview and Level Annotations

Branches:
Dungeon (1/1)

Altars:
Ashenzari
Cheibriados
Dithmenos
Elyvilon
Fedhas
Gozag
Hepliaklqana
Kikubaaqudgha
Makhleb
Nemelex Xobeh
Okawaru
Qazlal
Ru
Sif Muna
Trog
Uskayaw
Vehumet
Wu Jian
Xom
Yredelemnul
Zin
The Shining One
Beogh
Jiyva
Lugonu

Annotations:
D 1 transporter


Innate Abilities, Weirdness & Mutations

You have a pair of horns on your head.
You reflexively headbutt those who attack you in melee.


Message History

The thunderbolt hits the fire vortex.
The fire vortex resists.
The fire vortex dissipates!
Visions of slaying the fire giant flood into your mind.
The fire giant is engulfed in freezing vapours.
The fire giant gestures at you while chanting.
The bolt of fire hits your troll!!!
Your troll dies!
Your troll's corpse disappears in a puff of smoke!
The bolt of fire hits you!
Aiming: Thunderbolt
Press: ? - help, Q - select action, (/) - cycle Shift-Dir - straight line, f - fire giant
Aim: a fire giant, wielding a +2 lajatang of speed (freezing vapour, moderately wounded, mesmerising)
The thunderbolt hits the fire giant!
The fire giant is heavily wounded.
The fire giant is engulfed in freezing vapours.
Aiming: Thunderbolt
Press: ? - help, Q - select action, (/) - cycle Shift-Dir - straight line, f/p - fire giant
Aim: a fire giant, wielding a +2 lajatang of speed (heavily wounded, mesmerising)
The thunderbolt hits the fire giant!
The fire giant is severely wounded.
Unknown command.
Aiming: Thunderbolt
Press: ? - help, Q - select action, (/) - cycle Shift-Dir - straight line, f/p - fire giant
Aim: a fire giant, wielding a +2 lajatang of speed (severely wounded, mesmerising, umbra)
The thunderbolt hits the fire giant!!
The fire giant is almost dead.
The lightning rod overheats!
The lightning rod is presently inert.
The fire giant points at you and mumbles some strange words.
The fireball explodes!
The fireball engulfs you!!!
The fire giant hits you with a +2 lajatang of speed.
Found a transporter.
Things that are here:
a +2 great sword of flaming; a fire giant corpse You closely miss the fire giant.
Your headbutt misses the fire giant.
The fire giant is almost dead.
The fire giant points at you and mumbles some strange words.
The bolt of fire hits you!!!
Ouch! That really hurt!
You die...

▓▓▓▓▓▓▓▓▓▓▓▓▓▓▓▓▓▓▓
▓...8©8...▓...8©8...▓
▓..|.))}..▓..|...)..▓
▓§§:§§§§§.▓...))))..▓
▓§§§.§§§§.▓....).)..▓
▓..§.)§☼..▓.........▓
▓...§.§§..▓....)....▓
▓....C....▓....)....▓
▓....@....▓....))...▓
▓.▓..)..▓.▓....©....▓
▓....©....▓▓▓▓▓▓▓▓▓▓▓
▓▓▓▓▓▓▓▓▓▓▓


You could see a fire giant (mesmerising).

Vanquished Creatures
  A deep elf death mage (D)
  2 dancing weapons (D)
  3 two-headed ogres (D)
  A wretched star (D)
  3 deep elf knights (D)
  A deep elf zephyrmancer (D)
  2 deep elf archers (D)
  3 deep elf pyromancers (D)
  An orc sorcerer (D)
  A cane toad (D)
  An efreet (D)
  A jumping spider (shapeshifter) (D)
  Sigmund (D)
  A water elemental (D)
  5 fire elementals (D)
  A basilisk (D)
  A large abomination (D)
  A hell hound (D)
  3 ogres (D)
  2 wolves (D)
  Blork the orc (D)
  2 orc priests (D)
  A quasit (D)
  3 iron imps (D)
  Jessica (D)
  An iguana (D)
  An orc wizard (D)
  3 adders (D)
  An orc (D)
  2 jackals (D)
  A ball python (D)
  A fire vortex (D)
53 creatures vanquished.

Vanquished Creatures (collateral kills)
  A fire giant (D)
  4 dancing weapons (D)
  A deep elf pyromancer (D)
  A fire elemental (D)
  2 hell hounds (D)
  A water moccasin (D)
10 creatures vanquished.

Grand Total: 63 creatures vanquished

Notes
Turn   | Place    | Note
-------+----------+-------------------------------------------
     0 | D        | Sopht the Minotaur Berserker began the quest for the Orb.
     0 | D        | Reached XP level 1. HP: 19/19 MP: 0/0
     2 | D        | Found a blossoming altar of Fedhas.
     3 | D        | Found the +6 Majin-Bo {vamp, MP+6 Int+6}
     3 | D        | Found the +9 heavy crossbow "Sniper" {vorpal, Acc+∞ SInv}
     3 | D        | Found the +10 dark maul {vorpal}
     3 | D        | Found the +15 Maxwell's patent armour {-Cast -Tele rElec
                  | Will+ rCorr}
     3 | D        | Found the +18 shield of the Gong {rElec rN+ Will+ EV-5}
     3 | D        | Found the +14 obsidian axe {vorpal, Drain Fly SInv}
     3 | D        | Found the +7 great mace "Firestarter" {inner flame, rF++}
     3 | D        | Found the +6 shillelagh "Devastator" {shatter}
     3 | D        | Found the +11 plutonium sword {Contam Stlth-}
     3 | D        | Found the +8 lance "Wyrmbane" {slay drac, rPois rF+ rC+
                  | AC+3}
     3 | D        | Found the +9 sword of Zonguldrok {reap}
     3 | D        | Found the +13 scythe of Curses {drain, Drain}
     3 | D        | Found the +5 sword of Power {vorpal}
     3 | D        | Found the +7 mace of Variability {chain chaos}
     3 | D        | Found the +7 Singing Sword {vorpal, sonic wave}
     3 | D        | Found the +8 storm bow {elec, penet}
     4 | D        | Found a viscous altar of Jiyva.
     4 | D        | Found a hazy altar of Hepliaklqana.
     4 | D        | Found a transporter.
     4 | D        | Found an opulent altar of Gozag.
     4 | D        | Found an ancient bone altar of Kikubaaqudgha.
     4 | D        | Found a corrupted altar of Lugonu.
     7 | D        | Found a burning altar of Makhleb.
     8 | D        | Found a sacrificial altar of Ru.
     8 | D        | Found a stormy altar of Qazlal.
     8 | D        | Found a shimmering blue altar of Sif Muna.
     8 | D        | Found an iron altar of Okawaru.
     8 | D        | Found a bloodstained altar of Trog.
     8 | D        | Found a sparkling altar of Nemelex Xobeh.
   104 | D        | Entered arena 2.
   104 | D        | Noticed a quasit
   104 | D        | Noticed a wretched star
   104 | D        | Found a transporter.
   111 | D        | Killed a wretched star
   111 | D        | Killed a quasit
   112 | D        | Reached skill level 5 in Axes
   112 | D        | Reached skill level 10 in Polearms
   112 | D        | Reached skill level 5 in Shields
   112 | D        | Reached XP level 2. HP: 32/40 MP: 1/1
   112 | D        | Reached XP level 3. HP: 37/47 MP: 2/2
   112 | D        | Reached XP level 4. HP: 44/55 MP: 3/3
   112 | D        | Reached XP level 5. HP: 48/61 MP: 4/4
   112 | D        | Reached XP level 6. HP: 54/68 MP: 5/5
   112 | D        | Reached XP level 7. HP: 59/74 MP: 6/6
   120 | D        | Entered arena 3.
   120 | D        | Noticed Sigmund
   120 | D        | Noticed Jessica
   120 | D        | Noticed Blork the orc
   120 | D        | Found a transporter.
   125 | D        | Killed Jessica
   125 | D        | Reached ** piety under Trog
   125 | D        | Killed Blork the orc
   129 | D        | Killed Sigmund
   129 | D        | Reached *** piety under Trog
   130 | D        | Reached skill level 6 in Axes
   151 | D        | Entered arena 4.
   151 | D        | Found a transporter.
   157 | D        | Reached **** piety under Trog
   305 | D        | Entered arena 5.
   305 | D        | Found a transporter.
   312 | D        | Reached XP level 8. HP: 83/83 MP: 7/7
   313 | D        | Reached skill level 7 in Axes
   333 | D        | Entered arena 6.
   333 | D        | Found a transporter.
   334 | D        | Found the +1 cloak of Starlight {*Dazzle EV+4 Stlth--}
   334 | D        | Reached ***** piety under Trog
   374 | D        | Entered arena 7.
   374 | D        | Noticed a +1 flail of protection
   374 | D        | Noticed a deep elf pyromancer
   374 | D        | Noticed a +0 short sword of speed
   374 | D        | Noticed a deep elf pyromancer
   374 | D        | Noticed a deep elf pyromancer
   375 | D        | Found the +5 robe of Misfortune {Contam Harm *Corrode Drain
                  | *Slow EV+5}
   375 | D        | Identified the +6 dire flail of the Vase {protect, *Rage
                  | +Blink Str+2}
   377 | D        | Killed a deep elf pyromancer
   378 | D        | Reached skill level 9 in Axes
   378 | D        | Killed a deep elf pyromancer
   379 | D        | Reached skill level 10 in Axes
   379 | D        | Reached skill level 1 in Evocations
   379 | D        | Reached XP level 9. HP: 92/93 MP: 8/8
   380 | D        | Killed a +0 short sword of speed
   380 | D        | Received a gift from Trog
   381 | D        | Reached skill level 11 in Axes
   382 | D        | Killed a +1 flail of protection
   383 | D        | Reached skill level 12 in Axes
   383 | D        | Reached skill level 10 in Shields
   383 | D        | Killed a deep elf pyromancer
   384 | D        | Found a transporter.
   406 | D        | Entered arena 8.
   406 | D        | Noticed a two-headed ogre
   406 | D        | Noticed a two-headed ogre
   406 | D        | Noticed a two-headed ogre
   409 | D        | Killed a two-headed ogre
   409 | D        | Reached ****** piety under Trog
   410 | D        | Reached skill level 13 in Axes
   410 | D        | Reached skill level 10 in Armour
   410 | D        | Reached XP level 10. HP: 96/103 MP: 9/9
   410 | D        | Killed a two-headed ogre
   411 | D        | Reached skill level 14 in Axes
   411 | D        | Killed a two-headed ogre
   411 | D        | Received a gift from Trog
   412 | D        | Found a transporter.
   437 | D        | Got the ring "Nigajuem" {rElec rF- Str+6 Dex+4}
   458 | D        | Entered arena 9.
   458 | D        | Noticed a cane toad
   460 | D        | Killed a cane toad
   461 | D        | Reached skill level 15 in Axes
   463 | D        | Found a transporter.
   506 | D        | Entered arena 10.
   506 | D        | Noticed a +4 dire flail of holy wrath
   506 | D        | Noticed a deep elf zephyrmancer
   506 | D        | Noticed an orc sorcerer
   506 | D        | Noticed a +5 vorpal flail
   506 | D        | Noticed a deep elf archer
   506 | D        | Noticed a deep elf pyromancer
   507 | D        | Found the ring of Shadows {Umbra +Inv Stlth+}
   510 | D        | Killed a deep elf zephyrmancer
   510 | D        | Received a gift from Trog
   511 | D        | Killed a deep elf archer
   511 | D        | Killed a +5 vorpal flail
   511 | D        | Killed a deep elf pyromancer
   512 | D        | Reached skill level 16 in Axes
   512 | D        | Reached skill level 5 in Evocations
   512 | D        | Reached XP level 11. HP: 102/111 MP: 10/10
   512 | D        | Killed an orc sorcerer
   512 | D        | Received a gift from Trog
   513 | D        | Killed a +4 dire flail of holy wrath
   514 | D        | Found a transporter.
   554 | D        | Got the +6 morningstar "Huech" {pain, rElec rC+++ rCorr
                  | Dex-5}
   581 | D        | Entered arena 11.
   581 | D        | Noticed a deep elf archer
   581 | D        | Noticed a +2 dire flail of holy wrath
   581 | D        | Noticed a deep elf knight
   581 | D        | Noticed a deep elf knight
   581 | D        | Noticed a +1 short sword of draining
   581 | D        | Noticed a deep elf death mage
   581 | D        | Noticed a deep elf knight
   582 | D        | Identified the +5 quarterstaff of Lalul {pain, Fragile
                  | Str+6 Int-3 Stlth+}
   585 | D        | Killed a deep elf knight
   586 | D        | Reached skill level 15 in Fighting
   586 | D        | Killed a deep elf death mage
   587 | D        | Killed a +1 short sword of draining
   587 | D        | Killed a deep elf knight
   588 | D        | Reached skill level 17 in Axes
   588 | D        | Found a transporter.
   588 | D        | Killed a +2 dire flail of holy wrath
   588 | D        | Received a gift from Trog
   590 | D        | Killed a deep elf archer
   591 | D        | Killed a ghostly deep elf death mage
   592 | D        | Killed a deep elf knight
   650 | D        | Got the ring "Dowo" {rPois rN+++ MP-9 AC+4 Dex+5}
   652 | D        | Got the Almanac of Attacks and Air
   662 | D        | Entered arena 12.
   662 | D        | Noticed a fire giant
   664 | D        | Received a gift from Trog
   667 | D        | Reached skill level 18 in Axes
   668 | D        | Noticed a fire giant
   670 | D        | Killed a fire giant
   670 | D        | Received a gift from Trog
   676 | D        | Found a transporter.
   677 | D        | Killed from afar by a fire giant

Illustrated notes

Levels and vault maps discovered:
D:        sprint_v [room_start, room_1, room_2, room_3, room_4, room_5, room_6,
          room_7, room_8, room_9, room_10, room_11, room_12, room_13, room_14,
          room_15, room_16, room_17, room_18, room_19, room_20, room_21,
          room_22, room_23, room_24, room_25, room_26, room_27]

Skill      XL: |  1  2  3  4  5  6  7  8  9 10 11 |
---------------+----------------------------------+-----
Fighting       | 11 12 13 14 15 | 15.7
Axes           | 5 6 10 13 16 18 | 18.2
Polearms       | 10 11 | 11.4
Armour         | 6 7 8 10 11 12 | 12.5
Dodging        | 6 7 |  7.9
Shields        | 5 6 8 11 13 14 | 14.9
Evocations     | 1 2 5 8 |  8.0
Stealth        | |  0.7

Action                   |  1- 3 |  4- 6 |  7- 9 | 10-12 || total
-------------------------+-------+-------+-------+-------++-------
Melee: Broad axe         |     4 |       |    18 |    10 ||    32
       Headbutt          |     1 |       |     6 |       ||     7
Invok: Berserk           |     1 |       |     2 |       ||     3
       Trog's Hand       |       |       |     2 |     3 ||     5
       Brothers in Arms  |       |       |       |     3 ||     3
Evoke: Lightning rod     |       |       |     6 |    13 ||    19
       Condenser vane    |       |       |     2 |     4 ||     6
 Stab: Distracted        |       |       |       |     1 ||     1
Armor: Plate armour      |    10 |       |    11 |     7 ||    28
Dodge: Dodged            |       |       |     6 |     8 ||    14
Block: Tower shield      |    14 |       |    24 |    23 ||    61

Table legend: (Time is in decaauts)
 A = Elapsed time spent in this place.
 B = Non-inter-level travel time spent in this place.
 C = Inter-level travel time spent in this place.
 D = Time resting spent in this place.
 E = Time spent auto-exploring this place.
 F = Levels seen in this place.
 G = Mean time per level.
                   A        B        C        D        E       F      G
               +--------+--------+--------+--------+--------+-----+--------+
         Total |    714 |    714 |      0 |      0 |      0 |   1 |  714.0 |
       Dungeon |    714 |    714 |      0 |      0 |      0 |   1 |  714.0 |
               +--------+--------+--------+--------+--------+-----+--------+

Top non-repeatable levels by time:
       D: 714 daAuts
